 Dungeon Crawl Stone Soup version 0.26-a0-64-g059e62fbdb (webtiles) character file.

Game seed: 17555485856092721742

212 MisterFreud the Slasher (level 5, -1/37 HPs)
             Began as an Octopode Gladiator on June 11, 2020.
             Slain by an orc wizard
             ... wielding a +0 dagger
              (3 damage)
             ... on level 4 of the Dungeon.
             The game lasted 00:02:33 (2541 turns).

MisterFreud the Slasher (Octopode Gladiator)        Turns: 2541, Time: 00:02:33

Health: -1/37      AC:  1    Str: 13    XL:     5   Next: 89%
Magic:  5/5        EV: 14    Int: 11    God:
Gold:   79         SH:  0    Dex: 14    Spells: 4/4 levels left

rFire    + . .     SeeInvis .   a - +0 long sword
rCold    . . .     Gourm    .   (no shield)
rNeg     . . .     Faith    .   b - +0 hat
rPois    .         Spirit   .   (no amulet)
rElec    .         Reflect  .   n - ring of protection from fire
rCorr    .         Harm     .   (no ring)
MR       .....                  (no ring)
Stlth    ++........             (no ring)
HPRegen  0.12/turn              (no ring)
MPRegen  0.09/turn              (no ring)
                                (no ring)
                                (no ring)

@: no status effects
A: almost no armour, stealthy swim, amphibious, 8 rings, constrict 8, camouflage
1, gelatinous body 1
a: no special abilities


You were on level 4 of the Dungeon.
You were not hungry.

You visited 1 branch of the dungeon, and saw 4 of its levels.

You collected 79 gold pieces.

Inventory:

Hand Weapons
 a - a +0 long sword (weapon)
Missiles
 c - 3 throwing nets (quivered)
 g - 8 atropa-tipped darts
Armour
 b - a +0 hat (worn)
Jewellery
 n - a ring of protection from fire (left tentacle)
Scrolls
 e - 2 scrolls of remove curse {unknown}
 h - a scroll of magic mapping {unknown}
 j - a scroll of enchant weapon {unknown}
 l - a scroll of blinking {unknown}
 m - a scroll of enchant armour {unknown}
 o - a scroll of identify {unknown}
Potions
 i - a potion of stabbing {unknown}
 k - a potion of lignification {unknown}
Comestibles
 d - 4 rations
 f - 8 chunks of flesh


   Skills:
 - Level 4.0 Fighting
 + Level 5.3 Long Blades
 - Level 2.0 Throwing
 - Level 3.0 Dodging


You had 4 spell levels left.
You didn't know any spells.
Your spell library was empty.

Dungeon Overview and Level Annotations

Branches:
Dungeon (3/15)

Altars:


Innate Abilities, Weirdness & Mutations

You cannot wear most types of armour.
You are very stealthy in the water. (Stealth+)
You are amphibious.
You can wear up to eight rings at the same time.
You can use your tentacles to constrict eight enemies at once.
Your skin changes colour to match your surroundings (Stealth+).
Your rubbery body absorbs attacks. (AC +1, EV +1)


Message History

The orc throws a boomerang.
The boomerang barely misses you.
The weapon returns to the orc!
The orc priest escapes!
You hit the orc but do no damage. Your grab misses the orc.
You squeeze the orc!
You kill the orc!
The orc wizard casts a spell at you. The magic dart hits you!
* * * LOW HITPOINT WARNING * * *
The orc priest hits you with a +0 short sword.
* * * LOW HITPOINT WARNING * * *
You barely miss the orc priest. Your grab misses the orc priest.
You squeeze the orc priest.
The orc priest is severely wounded.
The orc wizard hits you with a +0 dagger.
* * * LOW HITPOINT WARNING * * *
The orc priest hits you with a +0 short sword.
* * * LOW HITPOINT WARNING * * *
A worm comes into view.
The orc wizard hits you with a +0 dagger.
You die...

...?# ##.#.# ....#
#...# ...# # #..####
.####w#####$....###
.$....o@....$.....#
.#####o####.#.#.#.#####
#. #............ #.
###.#รท#.##### #.
#.......... #.
###..###### #. #..#
>.########..#
..........#


You could see a worm, an orc priest and an orc wizard (fast).

Vanquished Creatures
  A scorpion (D:2)
  An orc wizard (D:4)
  Natasha (D:4)
  An adder (D:2)
  A gnoll (D:1)
  An adder skeleton (D:4)
  2 worms
  4 leopard geckos
  8 orcs
  5 giant cockroaches
  10 goblins
  4 hobgoblins
  4 jackals
  8 kobolds
  2 ball pythons
  9 bats
  A frilled lizard (D:2)
  5 rats
68 creatures vanquished.

Notes
Turn   | Place    | Note
-------+----------+-------------------------------------------
     0 | D:1      | MisterFreud the Octopode Gladiator began the quest for the
                  | Orb.
     0 | D:1      | Reached XP level 1. HP: 14/14 MP: 1/1
   212 | D:1      | Reached XP level 2. HP: 20/20 MP: 2/2
   656 | D:1      | Reached XP level 3. HP: 26/26 MP: 3/3
  1468 | D:2      | Noticed a scorpion
  1476 | D:2      | Killed a scorpion
  1476 | D:2      | Reached skill level 4 in Long Blades
  1476 | D:2      | Reached XP level 4. HP: 5/33 MP: 4/4
  2059 | D:3      | Reached XP level 5. HP: 37/37 MP: 5/5
  2454 | D:3      | You fall into a shaft and drop 1 floor!
  2500 | D:4      | Noticed Natasha
  2505 | D:4      | Killed Natasha
  2538 | D:4      | Reached skill level 5 in Long Blades
  2541 | D:4      | Slain by an orc wizard

Illustrated notes

Levels and vault maps discovered:
D:1:      dpeg_arrival_rooms_a, layout_basic
D:2:      layout_basic
D:3:      layout_loops_ring, hangedman_glass_teeth
D:4:      layout_loops_ring, uniq_natasha, uniq_sigmund, uniq_edmund

Skill      XL: |  1  2  3  4  5 |
---------------+----------------+-----
Fighting       | 3 4 |  4.0
Long Blades    | 4 5 |  5.3
Throwing       | |  2.0
Dodging        | |  3.0

Action                   |  1- 3 |  4- 6 || total
-------------------------+-------+-------++-------
Melee: Long sword        |    61 |    47 ||   108
       Constrict         |    22 |    19 ||    41
       Tentacles         |    11 |    15 ||    26
  Use: Potion            |     1 |     2 ||     3
 Stab: Sleeping          |     6 |     3 ||     9
  Eat: Chunk             |     2 |     3 ||     5
Armor: Skin              |    10 |     2 ||    12
Dodge: Dodged            |    39 |    38 ||    77
       Rpst.: Long sword |    15 |    15 ||    30

Table legend:
 A = Non-vault XP
 B = Vault XP
 C = Vault XP percentage of total XP
 D = Non-vault monster count
 E = Vault monster count
 F = Vault count percentage of total count
                 A         B        C        D         E       F
            +---------+---------+-------+---------+---------+-------
      Total |     267 |      36 |  11.9 |      67 |       1 |   1.5
            +---------+---------+-------+---------+---------+-------
        D:1 |      44 |       0 |   0.0 |      20 |       0 |   0.0
        D:2 |     116 |       0 |   0.0 |      20 |       0 |   0.0
        D:3 |      48 |       0 |   0.0 |      21 |       0 |   0.0
        D:4 |      59 |      36 |  37.9 |       6 |       1 |  14.3
            +---------+---------+-------+---------+---------+-------
